 Dungeon Crawl Stone Soup version 0.18-a0-46-g45ca8e4 (webtiles) character file.

24 Duffy the Sneak (level 3, 29/29 HPs)
             Began as a Human Assassin on Nov 6, 2015.
             Was a Follower of Zin.
             Quit the game on level 2 of the Dungeon.
             The game lasted 00:01:08 (990 turns).

Duffy the Sneak (Human Assassin)                     Turns: 990, Time: 00:01:08

Health: 29/29      AC:  3    Str: 12    XL:     3   Next: 15%
Magic:  3/3        EV: 12    Int: 11    God:    Zin [*.....]
Gold:   72         SH:  0    Dex: 14    Spells: 0 memorised, 2 levels left

rFire  . . .     SeeInvis .     a - +2 dagger
rCold  . . .     Clarity  .     c - +0 robe
rNeg   . . .     SustAt   .     (no shield)
rPois  .         Gourm    .     (no helmet)
rElec  .         Spirit   .     d - +0 cloak
rCorr  .         Warding  .     (no gloves)
rMut   .         Stasis   .     (no boots)
MR     .....                    (no amulet)
Stlth  +++.......               (no ring)
                                (no ring)

@: not resistant to hostile enchantments, fairly stealthy
A: no striking features
a: Recite, Donate Gold, Renounce Religion


You were on level 2 of the Dungeon.
You worshipped Zin.
Zin was aware of your devotion.
You were not hungry.

You visited 1 branch of the dungeon, and saw 2 of its levels.

You collected 79 gold pieces.
You donated 7 gold pieces to Zin.


   Skills:
 + Level 3.4 Fighting
 - Level 2.0 Short Blades
 - Level 2.0 Throwing
 - Level 1.0 Dodging
 - Level 4.0 Stealth


You had 2 spell levels left.
You didn't know any spells.

Inventory:

Hand Weapons
 a - a +2 dagger (weapon)
 b - a +0 blowgun
Missiles
 e - 7 poisoned needles
 f - 2 curare-tipped needles
 h - 40 stones (quivered)
Armour
 c - a +0 robe (worn)
 d - a +0 cloak (worn)
Wands
 m - a wand of polymorph (16)
Potions
 j - a potion of curing {unknown}
 k - 2 potions of magic {unknown}
 l - a potion of poison {unknown}
Comestibles
 g - 2 bread rations
 i - a slice of pizza

Dungeon Overview and Level Annotations

Branches:
Dungeon (2/15)

Altars:
Vehumet
Zin


Message History

You kill the goblin!
No target in view!
Found a bread ration.
A rat comes into view.
Found 10 gold pieces.
A kobold comes into view.
The rat barely misses you.
You hit the rat.
You kill the rat!
No target in view!
No target in view!
The kobold throws a stone.
The stone hits you but does no damage.
You see here a stone.
The kobold throws a stone.
The stone closely misses you.
The kobold throws a stone.
The stone hits you.
You see here a stone.
The kobold closely misses you.
You barely miss the kobold. The kobold hits you but does no damage.
You closely miss the kobold. The kobold misses you.
You hit the kobold.
You kill the kobold!
No target in view!
No target in view!
No target in view!
There is a faded altar to an unknown god here.
This altar will convert you to a god.
You cannot discern which.
Do you pray?
Okay, then.
h - 40 stones (gained 1)
There is a faded altar to an unknown god here.
This altar will convert you to a god.
You cannot discern which.
Do you pray? Zin accepts your prayer! Zin welcomes you!
You pay a tithe of 7 gold.
You can now donate money to Zin.
You can now recite Zin's Axioms of Law.
Are you sure you want to abandon this character and quit the game? (Confirm with "yes".)

#..........######.#
#..).......'......#
###........########
#..............#
#.##...#...)...# #.
#...#.(...%.# #.
#...........#
#...#.......#
#..#@#.(....#
#...#..######
#......# #....$.#
#.....†# ########


There were no monsters in sight!

Action                   || total
-------------------------++-------
Melee: Dagger            ||    48
 Fire: Blowgun           ||     2
 Stab: Sleeping          ||     5

Notes
Turn   | Place    | Note
--------------------------------------------------------------
     0 | D:1      | Duffy the Human Assassin began the quest for the Orb.
     0 | D:1      | Reached XP level 1. HP: 16/16 MP: 1/1
    13 | D:2      | Found a radiant altar of Vehumet.
   214 | D:1      | Reached XP level 2. HP: 23/23 MP: 2/2
   340 | D:1      | Reached skill level 3 in Fighting
   756 | D:2      | Reached XP level 3. HP: 15/29 MP: 3/3
   937 | D:2      | Found a faded altar to an unknown god.
   990 | D:2      | Became a worshipper of Zin the Law-Giver
   990 | D:2      | Reached * piety under Zin
   990 | D:2      | Quit the game

Vault maps used:
D:1:      dpeg_arrival_stonehenge_8_columns
D:2:      lemuel_doored_altar, ecumenical_altar_1, first_bread

Vanquished Creatures
  An ooze
  A worm
  A ball python
  4 goblins
  2 hobgoblins
  4 kobolds
  4 giant newts
  2 rats
19 creatures vanquished.
